MID
KANE COUNTY COUGARS @ WISCONSIN TIMBER RATTLERS
09/03/2098
 
TOP OF THE 1ST
Kane County Cougars batting - Pitching for Wisconsin Timber Rattlers : RHP Andy Asby
Pitching: RHP Andy Asby
Batting: SHB Roberto Ramos 0-0: SINGLE (Line Drive, 6D, EV 94.4 MPH)
Batting: RHB Rob Richardson 0-0: Called Strike
0-1: Ball
1-1: Ball
2-1: Foul Ball, location: 5FF
2-2: Ball
3-2: Base on Balls
Roberto Ramos to second
Batting: RHB Thomas Montgomery 0-0: Swinging Strike
0-1: Called Strike
0-2: Ball
1-2: Ball
2-2: Strikes out swinging
Batting: SHB Brian Warfel 0-0: Ball
1-0: Ball
2-0: Ball
3-0: Base on Balls
Roberto Ramos to third
Rob Richardson to second
Batting: LHB Leo Gomez 0-0: Ball
1-0: Called Strike
1-1: Grounds into double play, 5-4-3 (Groundball, 56, EV 88.1 MPH)
Top of the 1st over - 0 runs, 1 hit, 0 errors, 2 left on base; Kane County 0 - Wisconsin 0
BOTTOM OF THE 1ST
Wisconsin Timber Rattlers batting - Pitching for Kane County Cougars : RHP Austin Lubert
Pitching: RHP Austin Lubert
Batting: LHB Marquise Mathurin 0-0: Ground out 4-3 (Groundball, 4, EV 104.4 MPH)
Batting: SHB Tyshawn Conerly 0-0: Ball
1-0: SINGLE (Groundball, 4, EV 108.1 MPH) (infield hit)
Batting: LHB Matt Gollnick 0-0: Ball
Pickoff Throw to First - Out! 1-3
1-0: Foul Ball, location: 23F
1-1: SOLO HOME RUN (Flyball, 9D, EV 96.3 MPH), Distance : 370 ft
Batting: LHB Mike Earls 0-0: Ball
1-0: Ball
2-0: Called Strike
2-1: Ball
3-1: Base on Balls
Batting: RHB Pat Higham 0-0: Foul Ball, location: 9LSF
0-1: Called Strike
0-2: Ball
1-2: Foul Ball, location: 2F
1-2: Ground out 4-3 (Groundball, 4, EV 89.4 MPH)
Bottom of the 1st over - 1 run, 2 hits, 0 errors, 1 left on base; Kane County 0 - Wisconsin 1
TOP OF THE 2ND
Kane County Cougars batting - Pitching for Wisconsin Timber Rattlers : RHP Andy Asby
Pitching: LHP Henry Arrellano
Batting: RHB Chris Knable 0-0: Ball
1-0: Called Strike
1-1: Ball
2-1: Ball
3-1: Base on Balls
Batting: RHB Craig Barker 0-0: Ball
1-0: Ball
2-0: Foul Ball, location: 23F
2-1: Swinging Strike
2-2: Strikes out swinging
Batting: RHB Jon Staton 0-0: Ball
1-0: Ball
Chris Knable steals 2nd base
2-0: Ground out 4-3 (Groundball, 34, EV 86.9 MPH)
Chris Knable to third
Batting: RHB Noah Turley 0-0: Ground out 6-3 (Groundball, 6, EV 86.9 MPH)
Top of the 2nd over - 0 runs, 0 hits, 0 errors, 1 left on base; Kane County 0 - Wisconsin 1
BOTTOM OF THE 2ND
Wisconsin Timber Rattlers batting - Pitching for Kane County Cougars : RHP Austin Lubert
Batting: RHB Joe Meyer 0-0: Called Strike
0-1: Ball
1-1: Ground out 5-3 (Groundball, 56, EV 80.6 MPH)
Batting: RHB Bobby Kozlowski 0-0: Ball
1-0: Foul Ball, location: 2F
1-1: Hit by Pitch
Batting: RHB Paul Kuehl 0-0: Ball
1-0: SINGLE (Groundball, 4MD, EV 106.9 MPH)
Bobby Kozlowski to second
Batting: RHB Greg Miles 0-0: Foul Ball, location: 9LDF
0-1: Foul Ball, location: 7LDF
0-2: Fly out, F8 (Flyball, 8RM, EV 74.4 MPH)
Batting: LHB Marquise Mathurin 0-0: Called Strike
0-1: Ball
1-1: SINGLE (Line Drive, 7S, EV 98.8 MPH)
Bobby Kozlowski to third
Paul Kuehl to second
Batting: SHB Tyshawn Conerly 0-0: Called Strike
0-1: Swinging Strike
0-2: Ball
1-2: Strikes out swinging
Bottom of the 2nd over - 0 runs, 2 hits, 0 errors, 3 left on base; Kane County 0 - Wisconsin 1
TOP OF THE 3RD
Kane County Cougars batting - Pitching for Wisconsin Timber Rattlers : LHP Henry Arrellano
Batting: SHB Roberto Ramos 0-0: Fly out, F9 (Line Drive, 9, EV 96.9 MPH)
Batting: RHB Rob Richardson 0-0: Called Strike
0-1: Ball
1-1: Fly out, F7 (Flyball, 7D, EV 104.4 MPH)
Batting: RHB Thomas Montgomery 0-0: Called Strike
0-1: Ball
1-1: Foul Ball, location: 5DF
1-2: Foul Ball, location: 2F
1-2: Foul Ball, location: 2RF
1-2: Foul Ball, location: 9LSF
1-2: Foul Ball, location: 2F
1-2: Ball
2-2: Ball
3-2: Foul Ball, location: 2F
3-2: Foul Ball, location: 2F
3-2: Ground out 5-3 (Groundball, 56, EV 88.1 MPH)
Top of the 3rd over - 0 runs, 0 hits, 0 errors, 0 left on base; Kane County 0 - Wisconsin 1
BOTTOM OF THE 3RD
Wisconsin Timber Rattlers batting - Pitching for Kane County Cougars : RHP Austin Lubert
Batting: LHB Matt Gollnick 0-0: Called Strike
0-1: Ball
1-1: Ball
2-1: Fly out, F7 (Line Drive, 7, EV 92.5 MPH)
Batting: LHB Mike Earls 0-0: Ball
1-0: Foul Ball, location: 2F
1-1: Ball
2-1: Ball
3-1: Fly out, F8 (Flyball, 78S, EV 83.8 MPH)
Batting: RHB Pat Higham 0-0: Called Strike
0-1: Fly out, F9 (Flyball, 89M, EV 75.6 MPH)
Bottom of the 3rd over - 0 runs, 0 hits, 0 errors, 0 left on base; Kane County 0 - Wisconsin 1
TOP OF THE 4TH
Kane County Cougars batting - Pitching for Wisconsin Timber Rattlers : LHP Henry Arrellano
Batting: SHB Brian Warfel 0-0: Called Strike
0-1: Called Strike
0-2: Foul Ball, location: 2LF
0-2: Foul Ball, location: 7LMFF
0-2: Ball
1-2: Foul Ball, location: 2F
1-2: Fly out, F9 (Flyball, 9LD, EV 103.1 MPH)
Batting: LHB Leo Gomez 0-0: Foul Ball, location: 7LMF
0-1: Swinging Strike
0-2: Strikes out swinging
Batting: RHB Chris Knable 0-0: Ground out 4-3 (Groundball, 4MD, EV 99.4 MPH)
Top of the 4th over - 0 runs, 0 hits, 0 errors, 0 left on base; Kane County 0 - Wisconsin 1
BOTTOM OF THE 4TH
Wisconsin Timber Rattlers batting - Pitching for Kane County Cougars : RHP Austin Lubert
Batting: RHB Joe Meyer 0-0: Called Strike
0-1: Foul Ball, location: 2F
0-2: Ground out 6-3 (Groundball, 6, EV 85.6 MPH)
Batting: RHB Bobby Kozlowski 0-0: Ball
1-0: Ball
2-0: Foul Ball, location: 9LMF
2-1: Foul Ball, location: 2LF
2-2: Foul Ball, location: 9LDF
2-2: Ball
3-2: Foul Ball, location: 7LSF
3-2: Ground out 5-3 (Groundball, 56, EV 103.1 MPH)
Batting: RHB Paul Kuehl 0-0: Hit by Pitch
Batting: RHB Greg Miles 0-0: DOUBLE (Line Drive, 78D, EV 109.4 MPH)
Paul Kuehl to third
Batting: LHB Marquise Mathurin 0-0: Ball
1-0: Called Strike
1-1: Foul Ball, location: 5FF
1-2: Foul Ball, location: 2RF
1-2: Fly out, F4 (Line Drive, 4, EV 70.0 MPH)
Bottom of the 4th over - 0 runs, 1 hit, 0 errors, 2 left on base; Kane County 0 - Wisconsin 1
TOP OF THE 5TH
Kane County Cougars batting - Pitching for Wisconsin Timber Rattlers : LHP Henry Arrellano
Batting: RHB Craig Barker 0-0: Called Strike
0-1: Called Strike
0-2: Fly out, F7 (Flyball, 78M, EV 93.8 MPH)
Batting: RHB Jon Staton 0-0: Ball
1-0: SINGLE (Line Drive, 89S, EV 108.1 MPH)
Batting: RHB Noah Turley 0-0: Foul Ball, location: 23FF
0-1: Ball
1-1: Ball
2-1: Foul Ball, location: 7LMF
2-2: SINGLE (Line Drive, 4MD, EV 98.8 MPH)
Jon Staton to second
Batting: SHB Roberto Ramos 0-0: Ball
1-0: Called Strike
1-1: Called Strike
1-2: Ball
2-2: Ball
3-2: Foul Ball, location: 3DF
3-2: Foul Ball, location: 9LDF
3-2: Strikes out looking
Batting: RHB Rob Richardson 0-0: Fly out, F3 (Popup, 3F, EV 70.6 MPH)
Top of the 5th over - 0 runs, 2 hits, 0 errors, 2 left on base; Kane County 0 - Wisconsin 1
BOTTOM OF THE 5TH
Wisconsin Timber Rattlers batting - Pitching for Kane County Cougars : RHP Austin Lubert
Batting: SHB Tyshawn Conerly 0-0: Called Strike
0-1: SINGLE (Flyball, 5D, EV 86.3 MPH)
Batting: LHB Matt Gollnick 0-0: Called Strike
0-1: Foul Ball, location: 5F
0-2: Foul Ball, location: 7LMF
0-2: Strikes out swinging
Batting: LHB Mike Earls 0-0: Called Strike
0-1: Called Strike
0-2: Ball
1-2: Ball
2-2: Strikes out looking
Batting: RHB Pat Higham 0-0: Foul Ball, location: 2F
0-1: Ball
1-1: Fly out, F9 (Flyball, 9, EV 86.3 MPH)
Bottom of the 5th over - 0 runs, 1 hit, 0 errors, 1 left on base; Kane County 0 - Wisconsin 1
TOP OF THE 6TH
Kane County Cougars batting - Pitching for Wisconsin Timber Rattlers : LHP Henry Arrellano
Batting: RHB Thomas Montgomery 0-0: Ball
1-0: Ground out 6-3 (Groundball, 6, EV 78.8 MPH)
Batting: SHB Brian Warfel 0-0: Ball
1-0: Ball
2-0: Foul Ball, location: 5F
2-1: Swinging Strike
2-2: Ball
3-2: Base on Balls
Batting: RHB Bob Strause 0-0: Foul Ball, location: 3SF
0-1: Ball
1-1: Ball
2-1: Ball
3-1: Grounds into double play, 5-4-3 (Groundball, 5S, EV 83.1 MPH)
Top of the 6th over - 0 runs, 0 hits, 0 errors, 0 left on base; Kane County 0 - Wisconsin 1
BOTTOM OF THE 6TH
Wisconsin Timber Rattlers batting - Pitching for Kane County Cougars : RHP Austin Lubert
Batting: RHB Joe Meyer 0-0: Ground out 1-3 (Groundball, 13S, EV 65.6 MPH)
Batting: RHB Bobby Kozlowski 0-0: Called Strike
0-1: Foul Ball, location: 7LSFF
0-2: Strikes out swinging
Batting: RHB Paul Kuehl 0-0: Ball
1-0: Ball
2-0: Foul Ball, location: 7LMF
2-1: Fly out, F8 (Flyball, 8LD, EV 98.8 MPH)
Bottom of the 6th over - 0 runs, 0 hits, 0 errors, 0 left on base; Kane County 0 - Wisconsin 1
TOP OF THE 7TH
Kane County Cougars batting - Pitching for Wisconsin Timber Rattlers : LHP Henry Arrellano
Batting: RHB Chris Knable 0-0: Called Strike
0-1: Ball
1-1: Foul Ball, location: 3DF
1-2: Ball
2-2: DOUBLE (Line Drive, 9LM, EV 96.3 MPH)
Batting: RHB Craig Barker 0-0: Ground out 6-3 (Groundball, 6S, EV 91.3 MPH)
Chris Knable to third
Batting: RHB Jon Staton 0-0: Called Strike
0-1: Swinging Strike
0-2: Fly out, F9 (Flyball, 9D, EV 103.8 MPH)
Runner from 3rd tags up, OUT at HOME! 9-2
Top of the 7th over - 0 runs, 1 hit, 0 errors, 0 left on base; Kane County 0 - Wisconsin 1
BOTTOM OF THE 7TH
Wisconsin Timber Rattlers batting - Pitching for Kane County Cougars : RHP Austin Lubert
Batting: RHB Greg Miles 0-0: Called Strike
0-1: Foul Ball, location: 5FF
0-2: Ball
1-2: DOUBLE (Groundball, 5L, EV 101.3 MPH)
Batting: LHB Marquise Mathurin 0-0: Foul Ball, location: 7LDF
0-1: Ball
1-1: Foul Ball, location: 7LDF
1-2: Ball
2-2: Strikes out swinging
Batting: SHB Tyshawn Conerly 0-0: DOUBLE (Line Drive, 89D, EV 110.0 MPH)
Greg Miles scores
Batting: LHB Matt Gollnick 0-0: Intentional Walk
Batting: LHB Mike Earls 0-0: Foul Ball, location: 2F
0-1: Ball
1-1: Foul Ball, location: 2F
1-2: Hit by Pitch
Tyshawn Conerly to third
Matt Gollnick to second
Batting: RHB Pat Higham 0-0: Called Strike
0-1: Ball
1-1: SINGLE (Line Drive, 5D, EV 101.3 MPH)
Tyshawn Conerly scores
Matt Gollnick to third
Mike Earls to second
Batting: RHB Joe Meyer 0-0: Called Strike
0-1: Grounds into fielders choice 5-2 (Groundball, 56, EV 81.3 MPH)
Mike Earls to third
Pat Higham to second
Batting: RHB Bobby Kozlowski 0-0: Ball
1-0: Foul Ball, location: 2F
1-1: Foul Ball, location: 2F
1-2: Hit by Pitch
Mike Earls scores
Pat Higham to third
Joe Meyer to second
Batting: RHB Paul Kuehl 0-0: Ball
1-0: Called Strike
1-1: SINGLE (Groundball, 6MD, EV 95.0 MPH)
Pat Higham scores
Joe Meyer to third
Bobby Kozlowski to second
Runner from 3rd tries for Home, SAFE, throw by CF to home
Pitching: RHP Ken Schuller
Batting: RHB Greg Miles 0-0: Ground out 6-3 (Groundball, 6S, EV 85.6 MPH)
Bottom of the 7th over - 5 runs, 4 hits, 0 errors, 2 left on base; Kane County 0 - Wisconsin 6
TOP OF THE 8TH
Kane County Cougars batting - Pitching for Wisconsin Timber Rattlers : LHP Henry Arrellano
Batting: RHB Noah Turley 0-0: Ball
1-0: Called Strike
1-1: Foul Ball, location: 3FF
1-2: Ball
2-2: Fly out, F7 (Flyball, 78M, EV 90.0 MPH)
Batting: SHB Roberto Ramos 0-0: SINGLE (Line Drive, 3D, EV 108.8 MPH)
Pitching: LHP Dave Buskey
Batting: RHB Rob Richardson 0-0: Ball
1-0: Ball
2-0: Called Strike
2-1: Foul Ball, location: 7LSF
2-2: Strikes out swinging
Batting: RHB Thomas Montgomery 0-0: Called Strike
0-1: Ball
1-1: Foul Ball, location: 7LDF
1-2: Strikes out looking
Top of the 8th over - 0 runs, 1 hit, 0 errors, 1 left on base; Kane County 0 - Wisconsin 6
BOTTOM OF THE 8TH
Wisconsin Timber Rattlers batting - Pitching for Kane County Cougars : RHP Ken Schuller
Batting: LHB Marquise Mathurin 0-0: Called Strike
0-1: Foul Ball, location: 3F
0-2: Ball
1-2: Fly out, F8 (Flyball, 8LXD, EV 102.5 MPH)
Batting: SHB Tyshawn Conerly 0-0: Ball
1-0: Called Strike
1-1: Ball
2-1: Called Strike
2-2: Ball
3-2: Foul Ball, location: 7LMF
3-2: Foul Ball, location: 7LSF
3-2: Strikes out looking
Batting: LHB Matt Gollnick 0-0: Ball
1-0: Swinging Strike
1-1: Called Strike
1-2: SINGLE (Line Drive, 8LS, EV 98.8 MPH)
Batting: LHB Mike Earls 0-0: Foul Ball, location: 9LSF
0-1: Foul Ball, location: 7LSF
0-2: Strikes out swinging
Bottom of the 8th over - 0 runs, 1 hit, 0 errors, 1 left on base; Kane County 0 - Wisconsin 6
TOP OF THE 9TH
Kane County Cougars batting - Pitching for Wisconsin Timber Rattlers : LHP Dave Buskey
Batting: SHB Brian Warfel 0-0: Ground out 4-3 (Groundball, 4, EV 82.5 MPH)
Batting: RHB Bob Strause 0-0: Ball
1-0: Ball
2-0: Called Strike
2-1: Ball
3-1: Foul Ball, location: 3DF
3-2: Base on Balls
Batting: RHB Chris Knable 0-0: Called Strike
0-1: Foul Ball, location: 2F
0-2: Strikes out swinging
Batting: RHB Craig Barker 0-0: Foul Ball, location: 3F
0-1: Swinging Strike
0-2: Strikes out swinging
Top of the 9th over - 0 runs, 0 hits, 0 errors, 1 left on base; Kane County 0 - Wisconsin 6
Sunday, April 14th , 2024 - OOTP Baseball 24.11 Build 85